Map: Akropolis LE

Players

night - Winner!

  • Race: Zerg Zerg
  • Spawn Location: 5:00

PoweradeKate

  • Race: Protoss Protoss
  • Spawn Location: 11:00

VOD

Have the link to the VOD?

Description

Time

  • Played on: Nov. 9, 2019, 3:39 p.m.
  • Length: 4:23
Show
View Real Time Build Order
Export as new Build Order

night Zerg - Winner!

Build Orders: Pool First 

Get SALT Encoding   

  12  0:01  Drone  
  13  0:11  Drone  
  14  0:17  Overlord  
  14  0:35  Drone x2  
  16  0:36  Drone  
  17  0:50  Spawning Pool, Extractor  
  17  0:51  Drone  
  16  0:57  Drone  
  17  1:16  Hatchery  
  16  1:19  Drone  
  16  1:23  Drone  
  18  1:30  Drone  
  19  1:37  Queen  
  21  1:45  Zergling x2  
  22  1:54  Overlord  
  22  2:01  Metabolic Boost  
  22  2:12  Zergling x2  
  23  2:16  Queen  
  23  2:22  Zergling x2  
  26  2:30  Zergling x4  
  28  2:38  Queen  
  28  2:39  Drone  
  28  2:40  Drone  
  32  2:52  Drone x2  
  32  2:53  Drone x2  
  36  2:58  Overlord  
  36  3:06  Overlord  
  36  3:21  Zergling x2  
  36  3:22  Zergling x10  
  42  3:29  Zergling x6  
  42  3:30  Zergling x4  
  47  3:48  Drone x2  
  46  4:06  Zergling x2  
Show
View Real Time Build Order
Export as new Build Order

PoweradeKate Protoss 

Build Orders:  

Get SALT Encoding   

  12  0:08  Probe  
  13  0:20  Probe  
  14  0:32  Probe  
  15  0:53  Pylon  
  16  1:11  Probe  
  16  1:18  Nexus  
  16  1:39  Gateway  
  16  1:44  Gateway  
  16  1:49  Gateway  
  16  2:06  Probe (Chrono Boost)  
  17  2:18  Probe (Chrono Boost)  
  18  2:26  Probe (Chrono Boost)  
  19  2:32  Assimilator  
  19  2:33  Probe  
  20  2:40  Assimilator  
  20  2:45  Probe  
  20  2:50  Probe  
  22  3:02  Probe  
  25  3:14  Probe  
  28  3:26  Probe (Chrono Boost)  
  28  3:32  Zealot  
  28  3:35  Pylon  
  28  3:39  Probe (Chrono Boost)  
  28  3:43  Zealot  
  28  3:44  Zealot  
  28  3:46  Probe (Chrono Boost)  
  28  3:48  Pylon  
  29  3:53  Probe  
  29  3:57  Pylon  
Tags
 
Matchup
PvZ
Opening
Pool First
Spawn Locations
Cross Positions
Add a new tag
Caveats
  • Supply blocks, unpowered buildings, or Contaminate may cause inaccurate times.
  • Supply counts are checked every 10 seconds.